Canucks vs Bruins (R1)

Created - 28 octobre 2015 at 23:01

Goals
1 2 3 T
Canucks 2 1 1 4
Bruins 1 0 2 3
Shots
1 2 3 T
Canucks 8 11 8 27
Bruins 8 7 10 25

1st period

1. Bruins , Wojtek Wolski 10 (Andrew Alberts, Henrik Sedin) at 6:43
2. Canucks , Olli Jokinen 2 (Alex Goligoski, Tom Poti) at 18:13
3. Canucks , Matt Stajan 3 (Peter Worrell, Jaromir Jagr) at 18:29

Penalties :
Matt Cooke (Bos) for Diving (Minor) at 9:06, Henrik Sedin (Bos) for Holding (Minor) at 18:55

2nd period

4. Canucks , Jaromir Jagr 2 (Peter Worrell, Tom Poti) at 9:41 (PP)

Penalties :
Dave Bolland (Bos) for Holding Stick (Minor) at 3:15, Matt Hendricks (Bos) for Holding (Minor) at 5:56, Daniel Sedin (Bos) for Interference (Minor) at 9:33, Brian Rafalski (Bos) for Roughing (Double Minor) at 10:45

3rd period

5. Bruins , Jason Demers 2 (Wojtek Wolski, Henrik Sedin) at 10:18 (PP)
6. Canucks , Matt Stajan 4 (Tom Poti) at 10:31
7. Bruins , Andrew Alberts 2 (Wojtek Wolski, Henrik Sedin) at 14:35 (PP)

Penalties :
Brian Rafalski (Bos) for Interference (Minor) at 1:42, Zdeno Chara (Bos) for High sticking (Minor) at 7:19, Jaromir Jagr (Van) for Charging (Minor) at 10:13, Antti Miettinen (Van) for High sticking (Minor) at 14:29, Wojtek Wolski (Bos) for Holding (Minor) at 14:40, Matt Stajan (Van) for High sticking (Minor) at 14:53, Kent Huskins (Van) for Hooking (Minor) at 19:13

Goalie Stats

Chad Johnson (Van), 22 saves from 25 shots - (0,880), W, 1-1-0, 60:00 minutes
Karri Ramo (Bos), 23 saves from 27 shots - (0,852), L, 2-6-0, 59:28 minutes

Players Stats for Canucks

Player Name              G  A  P  +/- PIM S  H  SB GA TA FO     MP     PP MP  PK MP  
------------------------------------------------------------------------------------
Alex Goligoski           0  1  1   3  0   3  1  2  0  0  0/0    28:29   8:29   1:00 
Alex Tanguay             0  0  0   0  0   0  1  0  1  0  0/2    12:07   0:56   0:07 
Antti Miettinen          0  0  0   1  2   1  0  1  1  0  1/1     7:32   0:56   0:00 
Clarke MacArthur         0  0  0   0  0   0  2  0  0  0  0/1    18:27   7:09   0:20 
Daniel Paille            0  0  0   1  0   0  1  0  0  0  0/0     7:37   0:00   0:33 
David Jones              0  0  0   0  0   0  0  0  0  0  1/1     9:59   0:00   0:00 
Jaromir Jagr             1  1  2   1  2   1  5  0  1  0  2/2    23:05   8:09   0:31 
Karl Alzner              0  0  0   0  0   0  2  1  0  1  0/0     8:59   0:32   0:10 
Kent Huskins             0  0  0  -1  2   2  0  1  0  0  0/0    22:31   7:13   0:00 
Kyle Cumiskey            0  0  0   0  0   1  0  0  0  1  0/0     8:49   0:32   0:00 
Matt Stajan              2  0  2   1  2   6  3  1  2  0  11/34  22:23   8:08   0:42 
Maxim Lapierre           0  0  0   0  0   3  3  1  1  0  0/2    11:52   0:56   0:00 
Nikolai Zherdev          0  0  0   0  0   2  1  2  0  0  0/1    17:50   7:09   0:00 
Olli Jokinen             1  0  1   1  0   1  0  0  0  0  1/3     6:37   0:00   0:00 
Peter Worrell            0  2  2   1  0   2  0  0  0  0  1/2    21:42   8:09   0:07 
Sami Lepisto             0  0  0  -1  0   2  3  0  0  1  0/0    22:42   7:13   0:10 
Tom Poti                 0  3  3   3  0   2  0  1  0  2  0/0    28:29   8:29   1:00 
Tomas Plekanec           0  0  0   0  0   1  2  0  1  0  6/14   17:50   7:09   0:00 

Players Stats for Bruins

Player Name              G  A  P  +/- PIM S  H  SB GA TA FO     MP     PP MP  PK MP  
------------------------------------------------------------------------------------
Andrew Alberts           1  1  2  -2  0   1  1  5  0  1  0/0    28:04   0:28   9:24 
Brian Rafalski           0  0  0   0  6   0  0  0  0  0  0/0    11:34   0:00   0:00 
Dainius Zubrus           0  0  0   0  0   1  0  0  0  0  0/0     8:35   0:00   0:00 
Daniel Sedin             0  0  0   0  2   2  3  0  0  0  1/1    18:07   0:33   7:04 
Dave Bolland             0  0  0   0  2   1  0  0  0  2  5/6    13:17   0:00   3:33 
David Moss               0  0  0   0  0   1  3  0  0  0  0/0     8:21   0:00   0:00 
Eric Lindros             0  0  0   0  0   0  4  0  0  0  9/15   15:59   0:20   5:15 
George Parros            0  0  0  -2  0   2  0  0  0  0  0/0    12:35   0:37   0:00 
Henrik Sedin             0  3  3  -2  2   4  3  1  0  0  17/25  21:57   0:37   7:04 
Jason Demers             1  0  1  -2  0   2  2  5  0  1  0/0    28:04   0:28   9:24 
Mark Stuart              0  0  0   0  0   0  2  2  0  0  0/0    21:12   0:42   6:42 
Matt Cooke               0  0  0   0  2   4  2  0  1  1  1/1    10:47   0:00   0:55 
Matt Hendricks           0  0  0   0  2   0  1  1  0  1  1/3     8:22   0:00   0:00 
Ryan O'Byrne             0  0  0   0  0   2  1  2  3  0  0/0    20:35   0:42   6:05 
Victor Oreskovich        0  0  0   0  0   0  1  0  1  1  0/0    10:20   0:20   0:00 
Viktor Stalberg          0  0  0   0  0   3  2  0  0  0  0/1     9:39   0:13   0:10 
Wojtek Wolski            1  2  3  -2  2   2  1  1  0  0  6/11   22:36   0:50   8:27 
Zdeno Chara              0  0  0   0  2   0  0  0  0  0  0/0    11:47   0:00   0:53 

3 Stars

1 - Tom Poti (Van)
2 - Matt Stajan (Van)
3 - Jaromir Jagr (Van)

Power Play

Canucks - 1 on 10 Attempt(s) - 10,00%
Bruins - 2 on 4 Attempt(s) - 50,00%

Penalty Kill

Canucks - 2 on 4 Attempt(s) - 50,00% - Score 0 goal in Penalty Kill
Bruins - 9 on 10 Attempt(s) - 90,00% - Score 0 goal in Penalty Kill

Team Stat

Canucks - Hits : 24 - Faceoff Wins : 23 - Blocked Shots : 10 - Penalty Minutes : 8
Bruins - Hits : 26 - Faceoff Wins : 40 - Blocked Shots : 17 - Penalty Minutes : 20

Official

Referees : StLaurent Francois and Ciamaga Chris
Linesman : Scott Driscoll and Brian Mach

Game Notes

No Game Note

Finance

Level 1 -- Attendance: 4692 (78,20%) -- Ticket Income 464 508 $
Level 2 -- Attendance: 3524 (70,48%) -- Ticket Income 207 916 $
Level 3 -- Attendance: 1776 (88,80%) -- Ticket Income 51 504 $
Level 4 -- Attendance: 4000 (100,00%) -- Ticket Income 76 000 $
Luxury Box -- Attendance: 706 (70,60%) -- Ticket Income 133 434 $
Game was played at the TD Banknorth Garden'
Total Attendance: 14698 (81,66%)
Total Ticket Income: 933 362 $
Other Income: 140 004 $
Total Income: 1 073 366 $

Canucks

5 vs 5 Forward 
   Center                   Left Wing                Right Wing               Time % Phy DF OF 
 1 Matt Stajan              Peter Worrell            Jaromir Jagr             40     1   2  2  
 2 Tomas Plekanec           Clarke MacArthur         Nikolai Zherdev          30     1   2  2  
 3 Maxim Lapierre           Alex Tanguay             David Jones              20     1   2  2  
 4 Olli Jokinen             Daniel Paille            Antti Miettinen          10     1   2  2  

5 vs 5 Defense 
   Defense                  Defense                                           Time % Phy DF OF 
 1 Alex Goligoski           Tom Poti                                          40     1   2  2  
 2 Sami Lepisto             Kent Huskins                                      30     1   2  2  
 3 Kyle Cumiskey            Karl Alzner                                       20     1   2  2  
 4 Alex Goligoski           Tom Poti                                          10     1   2  2  

PowerPlay Forward 
   Center                   Left Wing                Right Wing               Time % Phy DF OF 
 1 Matt Stajan              Peter Worrell            Jaromir Jagr             60     1   2  2  
 2 Tomas Plekanec           Clarke MacArthur         Nikolai Zherdev          40     1   2  2  

PowerPlay Defense
   Defense                  Defense                                           Time % Phy DF OF 
 1 Alex Goligoski           Tom Poti                                          60     1   2  2  
 2 Sami Lepisto             Kent Huskins                                      40     1   2  2  

Penalty Kill 4 Players Forward 
   Center                   Wing                     Time % Phy DF OF 
 1 Matt Stajan              Jaromir Jagr             60     1   2  2  
 2 Peter Worrell            Clarke MacArthur         40     1   2  2  

Penalty Kill 4 Players Defense
   Defense                  Defense                  Time % Phy DF OF 
 1 Alex Goligoski           Tom Poti                 60     1   2  2  
 2 Sami Lepisto             Kent Huskins             40     1   2  2  

Penalty Kill - 3 Players Forward 
   Forward                                           Time % Phy DF OF 
 1 Matt Stajan                                       60     1   2  2  
 2 Jaromir Jagr                                      40     1   2  2  

Penalty Kill - 3 Players Defense
   Defense                  Defense                  Time % Phy DF OF 
 1 Alex Goligoski           Tom Poti                 60     1   2  2  
 2 Sami Lepisto             Kent Huskins             40     1   2  2  

4 vs 4 Forward 
   Center                   Wing                     Time % Phy DF OF 
 1 Matt Stajan              Jaromir Jagr             60     1   2  2  
 2 Peter Worrell            Clarke MacArthur         40     1   2  2  

4 vs 4 Defense
   Defense                  Defense                  Time % Phy DF OF 
 1 Alex Goligoski           Tom Poti                 60     1   2  2  
 2 Sami Lepisto             Kent Huskins             40     1   2  2  

Last Minutes Offensive
   Center                   Left Wing                Right Wing               Defense                  Defense                  
   Matt Stajan              Peter Worrell            Jaromir Jagr             Alex Goligoski           Tom Poti                 

Last Minutes Defensive
   Center                   Left Wing                Right Wing               Defense                  Defense                  
   Matt Stajan              Peter Worrell            Jaromir Jagr             Alex Goligoski           Tom Poti                 

Goaltenders
Starting : Chad Johnson             
Backup : Carey Price              

Extra Forwards
Normal : Alex Tanguay, Maxim Lapierre, Daniel Paille - PP : Alex Tanguay, Maxim Lapierre - PK : Daniel Paille
Extra Defensemen
Normal : Kyle Cumiskey, Karl Alzner, Sami Lepisto - PP : Kyle Cumiskey - PK : Karl Alzner, Sami Lepisto
Penalty Shots
Matt Stajan, Jaromir Jagr, Peter Worrell, Clarke MacArthur, Tomas Plekanec

Bruins

5 vs 5 Forward 
   Center                   Left Wing                Right Wing               Time % Phy DF OF 
 1 Henrik Sedin             Wojtek Wolski            George Parros            40     1   2  2  
 2 Eric Lindros             Daniel Sedin             Victor Oreskovich        30     1   2  2  
 3 Dave Bolland             Matt Cooke               Dainius Zubrus           20     1   2  2  
 4 Matt Hendricks           Viktor Stalberg          David Moss               10     1   2  2  

5 vs 5 Defense 
   Defense                  Defense                                           Time % Phy DF OF 
 1 Jason Demers             Andrew Alberts                                    40     1   2  2  
 2 Ryan O'Byrne             Mark Stuart                                       30     1   2  2  
 3 Zdeno Chara              Brian Rafalski                                    20     1   2  2  
 4 Jason Demers             Andrew Alberts                                    10     1   2  2  

PowerPlay Forward 
   Center                   Left Wing                Right Wing               Time % Phy DF OF 
 1 Henrik Sedin             Wojtek Wolski            George Parros            60     1   2  2  
 2 Eric Lindros             Daniel Sedin             Victor Oreskovich        40     1   2  2  

PowerPlay Defense
   Defense                  Defense                                           Time % Phy DF OF 
 1 Jason Demers             Andrew Alberts                                    60     1   2  2  
 2 Ryan O'Byrne             Mark Stuart                                       40     1   2  2  

Penalty Kill 4 Players Forward 
   Center                   Wing                     Time % Phy DF OF 
 1 Wojtek Wolski            Henrik Sedin             60     1   2  2  
 2 Eric Lindros             Daniel Sedin             40     1   2  2  

Penalty Kill 4 Players Defense
   Defense                  Defense                  Time % Phy DF OF 
 1 Jason Demers             Andrew Alberts           60     1   2  2  
 2 Ryan O'Byrne             Mark Stuart              40     1   2  2  

Penalty Kill - 3 Players Forward 
   Forward                                           Time % Phy DF OF 
 1 Wojtek Wolski                                     60     1   2  2  
 2 Henrik Sedin                                      40     1   2  2  

Penalty Kill - 3 Players Defense
   Defense                  Defense                  Time % Phy DF OF 
 1 Jason Demers             Andrew Alberts           60     1   2  2  
 2 Ryan O'Byrne             Mark Stuart              40     1   2  2  

4 vs 4 Forward 
   Center                   Wing                     Time % Phy DF OF 
 1 Wojtek Wolski            Henrik Sedin             60     1   2  2  
 2 Eric Lindros             Daniel Sedin             40     1   2  2  

4 vs 4 Defense
   Defense                  Defense                  Time % Phy DF OF 
 1 Jason Demers             Andrew Alberts           60     1   2  2  
 2 Ryan O'Byrne             Mark Stuart              40     1   2  2  

Last Minutes Offensive
   Center                   Left Wing                Right Wing               Defense                  Defense                  
   Henrik Sedin             Wojtek Wolski            George Parros            Jason Demers             Andrew Alberts           

Last Minutes Defensive
   Center                   Left Wing                Right Wing               Defense                  Defense                  
   Henrik Sedin             Wojtek Wolski            George Parros            Jason Demers             Andrew Alberts           

Goaltenders
Starting : Karri Ramo               
Backup : Ty Conklin               

Extra Forwards
Normal : Matt Cooke, Viktor Stalberg, Dave Bolland - PP : Matt Cooke, Viktor Stalberg - PK : Dave Bolland
Extra Defensemen
Normal : Zdeno Chara, Brian Rafalski, Ryan O'Byrne - PP : Zdeno Chara - PK : Brian Rafalski, Ryan O'Byrne
Penalty Shots
Wojtek Wolski, Henrik Sedin, Eric Lindros, Daniel Sedin, George Parros

% Time on Ice - Canucks

Lines # - Real PCT - Wanted PCT - Time Play
Normal Forward
1 - 33% - 40% - 13:28
2 - 26% - 30% - 10:41
3 - 25% - 20% - 9:59
4 - 16% - 10% - 6:27
Normal Defense
1 - 41% - 40% - 16:42
2 - 36% - 30% - 14:27
3 - 20% - 20% - 8:17
4 - 3% - 10% - 1:09
PP Forward
1 - 52% - 60% - 8:30
2 - 48% - 40% - 7:44
PP Defense
1 - 52% - 60% - 8:29
2 - 48% - 40% - 7:45
PK Forward
1 - 90% - 60% - 1:03
2 - 10% - 40% - 0:07
PK Defense
1 - 86% - 60% - 1:00
2 - 14% - 40% - 0:10
PK3 Forward
1 - 0% - 60%
2 - 0% - 40%
PK3 Defense
1 - 0% - 60%
2 - 0% - 40%
44 Forward
1 - 100% - 60% - 1:46
2 - 0% - 40% - 0:00
44 Defense
1 - 65% - 60% - 1:09
2 - 35% - 40% - 0:37
Last Minute Offensive  - 0:00
Last Minute Defensive  - 0:15
Total
Forward - 60:00
Defense - 60:00

% Time on Ice - Bruins

Lines # - Real PCT - Wanted PCT - Time Play
Normal Forward
1 - 34% - 40% - 13:51
2 - 26% - 30% - 10:24
3 - 20% - 20% - 7:56
4 - 21% - 10% - 8:21
Normal Defense
1 - 41% - 40% - 16:25
2 - 32% - 30% - 13:06
3 - 26% - 20% - 10:36
4 - 1% - 10% - 0:25
PP Forward
1 - 71% - 60% - 0:50
2 - 29% - 40% - 0:20
PP Defense
1 - 40% - 60% - 0:28
2 - 60% - 40% - 0:42
PK Forward
1 - 68% - 60% - 10:59
2 - 32% - 40% - 5:15
PK Defense
1 - 63% - 60% - 10:17
2 - 37% - 40% - 5:57
PK3 Forward
1 - 0% - 60%
2 - 0% - 40%
PK3 Defense
1 - 0% - 60%
2 - 0% - 40%
44 Forward
1 - 100% - 60% - 1:46
2 - 0% - 40% - 0:00
44 Defense
1 - 60% - 60% - 1:04
2 - 40% - 40% - 0:42
Last Minute Offensive  - 0:18
Last Minute Defensive  - 0:00
Total
Forward - 60:00
Defense - 60:00

Play by Play

1st period


0:01 of 1st period - Henrik Sedin wins face-off versus Matt Stajan in neutral zone.
0:04 of 1st period - Alex Goligoski is hit by Henrik Sedin and loses puck.
0:11 of 1st period - Andrew Alberts is hit by Jaromir Jagr and loses puck.
0:16 of 1st period - Wrist shot by Matt Stajan.
0:16 of 1st period - Stopped by Karri Ramo without a rebound.
0:17 of 1st period - Tomas Plekanec wins face-off versus Eric Lindros in Bruins zone.
0:44 of 1st period - Dainius Zubrus is hit by Maxim Lapierre and loses puck.
1:37 of 1st period - Snap shot by Jaromir Jagr.
1:37 of 1st period - Shot Blocked by Wojtek Wolski.
2:07 of 1st period - Snap shot by Viktor Stalberg.
2:07 of 1st period - Stopped by Chad Johnson with a rebound.
2:11 of 1st period - Slapshot by Viktor Stalberg.
2:11 of 1st period - Stopped by Chad Johnson with a rebound.
3:10 of 1st period - Kyle Cumiskey is hit by David Moss and loses puck.
4:01 of 1st period - Andrew Alberts is hit by Jaromir Jagr.
4:21 of 1st period - Zdeno Chara is hit by Sami Lepisto and loses puck.
4:26 of 1st period - Wrist shot by Tomas Plekanec.
4:26 of 1st period - Deflect By Nikolai Zherdev.
4:26 of 1st period - Stopped by Karri Ramo without a rebound.
4:27 of 1st period - Henrik Sedin wins face-off versus Nikolai Zherdev in Bruins zone.
4:34 of 1st period - Wrist shot by Henrik Sedin.
4:34 of 1st period - Deflect By Wojtek Wolski.
4:34 of 1st period - Shot Misses the Net.
4:34 of 1st period - Puck is out of play.
4:35 of 1st period - Tomas Plekanec wins face-off versus Henrik Sedin in Canucks zone.
4:40 of 1st period - Mark Stuart is hit by Clarke MacArthur and loses puck.
5:09 of 1st period - Snap shot by Wojtek Wolski.
5:09 of 1st period - Shot Misses the Net.
5:11 of 1st period - Slapshot by Ryan O'Byrne.
5:11 of 1st period - Shot Blocked by Nikolai Zherdev.
5:13 of 1st period - Slapshot by George Parros.
5:13 of 1st period - Stopped by Chad Johnson without a rebound.
5:14 of 1st period - Daniel Sedin wins face-off versus Matt Stajan in Canucks zone.
5:41 of 1st period - Maxim Lapierre is hit by Matt Cooke and loses puck.
6:35 of 1st period - Icing by Kent Huskins.
6:36 of 1st period - Henrik Sedin wins face-off versus Matt Stajan in Canucks zone.
6:39 of 1st period - Slapshot by Henrik Sedin.
6:39 of 1st period - Stopped by Chad Johnson with a rebound.
6:43 of 1st period - Snap shot by Wojtek Wolski.
6:43 of 1st period - Goal by Wojtek Wolski - Canucks : 0 - Bruins : 1.
6:44 of 1st period - Matt Stajan wins face-off versus Henrik Sedin in neutral zone.
7:42 of 1st period - Off-side.
7:43 of 1st period - Jaromir Jagr wins face-off versus Matt Hendricks in neutral zone.
8:08 of 1st period - Brian Rafalski is hit by Clarke MacArthur and loses puck.
8:53 of 1st period - Wrist shot by Matt Cooke.
8:53 of 1st period - Deflect By Dainius Zubrus.
8:53 of 1st period - Stopped by Chad Johnson without a rebound.
8:54 of 1st period - Dave Bolland wins face-off versus Matt Stajan in Canucks zone.
9:06 of 1st period - Minor Penalty to Matt Cooke for Diving.
9:07 of 1st period - Wojtek Wolski wins face-off versus Peter Worrell in Bruins zone.
9:19 of 1st period - Snap shot by Matt Stajan.
9:19 of 1st period - Stopped by Karri Ramo with a rebound.
9:21 of 1st period - Snap shot by Tom Poti.
9:21 of 1st period - Shot Misses the Net.
9:23 of 1st period - Wrist shot by Matt Stajan.
9:23 of 1st period - Stopped by Karri Ramo with a rebound.
10:36 of 1st period - Tom Poti is hit by Jason Demers and loses puck.
11:06 of 1st period - Penalty to Matt Cooke is over, Matt Cooke is back on ice.
11:37 of 1st period - Olli Jokinen is hit by Eric Lindros and loses puck.
11:47 of 1st period - Off-side.
11:48 of 1st period - Henrik Sedin wins face-off versus Olli Jokinen in neutral zone.
12:10 of 1st period - Karl Alzner is hit by David Moss and loses puck.
12:17 of 1st period - Slapshot by Kyle Cumiskey.
12:17 of 1st period - Stopped by Karri Ramo without a rebound.
12:18 of 1st period - Jaromir Jagr wins face-off versus Eric Lindros in Bruins zone.
13:27 of 1st period - Wrist shot by Viktor Stalberg.
13:27 of 1st period - Shot Blocked by Antti Miettinen.
13:29 of 1st period - Snap shot by David Moss.
13:29 of 1st period - Stopped by Chad Johnson with a rebound.
13:31 of 1st period - Slapshot by Mark Stuart.
13:31 of 1st period - Shot Blocked by Karl Alzner.
13:52 of 1st period - Kyle Cumiskey is hit by David Moss and loses puck.
14:17 of 1st period - Slapshot by Eric Lindros.
14:17 of 1st period - Deflect By Daniel Sedin.
14:17 of 1st period - Shot Blocked by Nikolai Zherdev.
14:17 of 1st period - Puck is out of play.
14:18 of 1st period - Eric Lindros wins face-off versus Tomas Plekanec in Canucks zone.
14:25 of 1st period - Snap shot by Eric Lindros.
14:25 of 1st period - Deflect By Daniel Sedin.
14:25 of 1st period - Stopped by Chad Johnson with a rebound.
16:00 of 1st period - Andrew Alberts is hit by Maxim Lapierre and loses puck.
17:23 of 1st period - Icing by Henrik Sedin.
17:24 of 1st period - Matt Hendricks wins face-off versus Tomas Plekanec in Bruins zone.
17:58 of 1st period - Daniel Sedin is hit by Jaromir Jagr and loses puck.
18:13 of 1st period - Snap shot by Olli Jokinen.
18:13 of 1st period - Goal by Olli Jokinen - Canucks : 1 - Bruins : 1.
18:14 of 1st period - Peter Worrell wins face-off versus Henrik Sedin in neutral zone.
18:21 of 1st period - Snap shot by Matt Stajan.
18:21 of 1st period - Shot Misses the Net.
18:23 of 1st period - Slapshot by Matt Stajan.
18:23 of 1st period - Stopped by Karri Ramo with a rebound.
18:25 of 1st period - Slapshot by Jaromir Jagr.
18:25 of 1st period - Shot Blocked by Henrik Sedin.
18:27 of 1st period - Snap shot by Peter Worrell.
18:27 of 1st period - Shot Misses the Net.
18:29 of 1st period - Wrist shot by Matt Stajan.
18:29 of 1st period - Goal by Matt Stajan - Canucks : 2 - Bruins : 1.
18:30 of 1st period - Henrik Sedin wins face-off versus Matt Stajan in neutral zone.
18:41 of 1st period - Snap shot by Matt Stajan.
18:41 of 1st period - Deflect By Jaromir Jagr.
18:41 of 1st period - Shot Misses the Net.
18:41 of 1st period - Puck is out of play.
18:42 of 1st period - Henrik Sedin wins face-off versus Matt Stajan in Bruins zone.
18:55 of 1st period - Minor Penalty to Henrik Sedin for Holding.
18:56 of 1st period - Matt Stajan wins face-off versus Wojtek Wolski in Bruins zone.
19:46 of 1st period - Peter Worrell is hit by Daniel Sedin.
Goals for this period are 2 for Canucks vs 1 for Bruins.
Shots for this period are 8 for Canucks vs 8 for Bruins.

2nd period


0:01 of 2nd period - Wojtek Wolski wins face-off versus Matt Stajan in neutral zone.
0:24 of 2nd period - Jaromir Jagr is hit by Daniel Sedin and loses puck.
0:31 of 2nd period - Snap shot by Alex Goligoski.
0:31 of 2nd period - Shot Misses the Net.
0:33 of 2nd period - Wrist shot by Matt Stajan.
0:33 of 2nd period - Shot Misses the Net.
0:35 of 2nd period - Wrist shot by Matt Stajan.
0:35 of 2nd period - Deflect By Peter Worrell.
0:35 of 2nd period - Shot Blocked by Andrew Alberts.
0:35 of 2nd period - Puck is out of play.
0:36 of 2nd period - Tomas Plekanec wins face-off versus Wojtek Wolski in Bruins zone.
0:39 of 2nd period - Snap shot by Tomas Plekanec.
0:39 of 2nd period - Shot Blocked by Ryan O'Byrne.
0:41 of 2nd period - Wrist shot by Tomas Plekanec.
0:41 of 2nd period - Shot Misses the Net.
0:55 of 2nd period - Penalty to Henrik Sedin is over, Henrik Sedin is back on ice.
1:00 of 2nd period - Off-side.
1:01 of 2nd period - David Jones wins face-off versus Matt Hendricks in neutral zone.
1:12 of 2nd period - Slapshot by Maxim Lapierre.
1:12 of 2nd period - Shot Misses the Net.
1:33 of 2nd period - Nikolai Zherdev is hit by Mark Stuart and loses puck.
1:50 of 2nd period - Snap shot by Viktor Stalberg.
1:50 of 2nd period - Shot Misses the Net.
2:12 of 2nd period - Tom Poti is hit by Matt Hendricks and loses puck.
2:17 of 2nd period - Wrist shot by Viktor Stalberg.
2:17 of 2nd period - Stopped by Chad Johnson without a rebound.
2:18 of 2nd period - Matt Stajan wins face-off versus Henrik Sedin in Canucks zone.
3:04 of 2nd period - Slapshot by Sami Lepisto.
3:04 of 2nd period - Stopped by Karri Ramo without a rebound.
3:05 of 2nd period - Olli Jokinen wins face-off versus Dave Bolland in Bruins zone.
3:15 of 2nd period - Minor Penalty to Dave Bolland for Holding Stick.
3:16 of 2nd period - Wojtek Wolski wins face-off versus Matt Stajan in Bruins zone.
3:24 of 2nd period - Slapshot by Alex Goligoski.
3:24 of 2nd period - Shot Blocked by Jason Demers.
3:26 of 2nd period - Snap shot by Alex Goligoski.
3:26 of 2nd period - Stopped by Karri Ramo with a rebound.
3:47 of 2nd period - Snap shot by Tomas Plekanec.
3:47 of 2nd period - Stopped by Karri Ramo with a rebound.
3:49 of 2nd period - Wrist shot by Clarke MacArthur.
3:49 of 2nd period - Shot Misses the Net.
3:51 of 2nd period - Slapshot by Alex Goligoski.
3:51 of 2nd period - Deflect By Henrik Sedin.
3:51 of 2nd period - Stopped by Karri Ramo without a rebound.
3:52 of 2nd period - Eric Lindros wins face-off versus Matt Stajan in Bruins zone.
4:19 of 2nd period - Icing by Sami Lepisto.
4:20 of 2nd period - Eric Lindros wins face-off versus Tomas Plekanec in Canucks zone.
4:21 of 2nd period - Backhand shot by Daniel Sedin.
4:21 of 2nd period - Stopped by Chad Johnson without a rebound.
4:22 of 2nd period - Matt Stajan wins face-off versus Eric Lindros in Canucks zone.
4:33 of 2nd period - Snap shot by Matt Stajan.
4:33 of 2nd period - Shot Misses the Net.
4:35 of 2nd period - Wrist shot by Matt Stajan.
4:35 of 2nd period - Shot Misses the Net.
4:37 of 2nd period - Snap shot by Matt Stajan.
4:37 of 2nd period - Shot Misses the Net.
5:07 of 2nd period - Henrik Sedin is hit by Matt Stajan and loses puck.
5:15 of 2nd period - Penalty to Dave Bolland is over, Dave Bolland is back on ice.
5:56 of 2nd period - Minor Penalty to Matt Hendricks for Holding.
5:57 of 2nd period - Wojtek Wolski wins face-off versus Matt Stajan in Bruins zone.
7:56 of 2nd period - Penalty to Matt Hendricks is over, Matt Hendricks is back on ice.
8:05 of 2nd period - Snap shot by Matt Cooke.
8:05 of 2nd period - Deflect By Dainius Zubrus.
8:05 of 2nd period - Shot Blocked by Maxim Lapierre.
8:05 of 2nd period - Puck is out of play.
8:06 of 2nd period - Dave Bolland wins face-off versus Maxim Lapierre in Canucks zone.
8:17 of 2nd period - Wrist shot by Dave Bolland.
8:17 of 2nd period - Deflect By Dainius Zubrus.
8:17 of 2nd period - Shot Misses the Net.
8:17 of 2nd period - Puck is out of play.
8:18 of 2nd period - Dave Bolland wins face-off versus Matt Stajan in Canucks zone.
8:21 of 2nd period - Wrist shot by Dave Bolland.
8:21 of 2nd period - Stopped by Chad Johnson with a rebound.
8:23 of 2nd period - Wrist shot by Matt Cooke.
8:23 of 2nd period - Shot Blocked by Matt Stajan.
8:27 of 2nd period - Wrist shot by Matt Cooke.
8:27 of 2nd period - Stopped by Chad Johnson with a rebound.
8:29 of 2nd period - Wrist shot by Dave Bolland.
8:29 of 2nd period - Shot Misses the Net.
8:31 of 2nd period - Snap shot by Matt Cooke.
8:31 of 2nd period - Deflect By Peter Worrell.
8:31 of 2nd period - Stopped by Chad Johnson without a rebound.
8:32 of 2nd period - Tomas Plekanec wins face-off versus Henrik Sedin in Canucks zone.
8:32 of 2nd period - Tomas Plekanec is hit by Jason Demers.
8:44 of 2nd period - Off-side.
8:45 of 2nd period - Henrik Sedin wins face-off versus Matt Stajan in neutral zone.
9:21 of 2nd period - Off-side.
9:22 of 2nd period - Matt Stajan wins face-off versus Eric Lindros in neutral zone.
9:22 of 2nd period - Matt Stajan is hit by Mark Stuart.
9:26 of 2nd period - Snap shot by Jaromir Jagr.
9:26 of 2nd period - Shot Misses the Net.
9:33 of 2nd period - Minor Penalty to Daniel Sedin for Interference.
9:34 of 2nd period - Matt Stajan wins face-off versus Wojtek Wolski in Bruins zone.
9:35 of 2nd period - Snap shot by Peter Worrell.
9:35 of 2nd period - Stopped by Karri Ramo with a rebound.
9:37 of 2nd period - Slapshot by Tom Poti.
9:37 of 2nd period - Shot Blocked by Andrew Alberts.
9:39 of 2nd period - Snap shot by Peter Worrell.
9:39 of 2nd period - Stopped by Karri Ramo with a rebound.
9:41 of 2nd period - Snap shot by Jaromir Jagr.
9:41 of 2nd period - Goal by Jaromir Jagr - Canucks : 3 - Bruins : 1.
9:42 of 2nd period - Henrik Sedin wins face-off versus Matt Stajan in neutral zone.
10:32 of 2nd period - Slapshot by Viktor Stalberg.
10:32 of 2nd period - Shot Misses the Net.
10:45 of 2nd period - Double Minor Penalty to Brian Rafalski for Roughing.
10:46 of 2nd period - Wojtek Wolski wins face-off versus Matt Stajan in Bruins zone.
10:59 of 2nd period - Wrist shot by Jaromir Jagr.
10:59 of 2nd period - Shot Misses the Net.
11:01 of 2nd period - Snap shot by Jaromir Jagr.
11:01 of 2nd period - Shot Blocked by Jason Demers.
11:16 of 2nd period - Daniel Sedin is hit by Nikolai Zherdev and loses puck.
11:41 of 2nd period - Henrik Sedin is hit by Alex Goligoski and loses puck.
12:16 of 2nd period - Sami Lepisto is hit by Daniel Sedin and loses puck.
13:36 of 2nd period - Matt Cooke is hit by Matt Stajan and loses puck.
13:57 of 2nd period - Wrist shot by Antti Miettinen.
13:57 of 2nd period - Stopped by Karri Ramo with a rebound.
13:59 of 2nd period - Snap shot by Maxim Lapierre.
13:59 of 2nd period - Stopped by Karri Ramo without a rebound.
14:00 of 2nd period - Eric Lindros wins face-off versus Alex Tanguay in Bruins zone.
14:21 of 2nd period - Wrist shot by Antti Miettinen.
14:21 of 2nd period - Deflect By Alex Tanguay.
14:21 of 2nd period - Shot Blocked by Jason Demers.
14:21 of 2nd period - Puck is out of play.
14:22 of 2nd period - Eric Lindros wins face-off versus Tomas Plekanec in Bruins zone.
14:35 of 2nd period - Slapshot by Clarke MacArthur.
14:35 of 2nd period - Shot Blocked by Andrew Alberts.
14:37 of 2nd period - Wrist shot by Clarke MacArthur.
14:37 of 2nd period - Shot Blocked by Jason Demers.
14:45 of 2nd period - Penalty to Brian Rafalski is over, Brian Rafalski is back on ice.
15:05 of 2nd period - Kent Huskins is hit by Henrik Sedin and loses puck.
15:28 of 2nd period - Sami Lepisto is hit by Wojtek Wolski and loses puck.
15:36 of 2nd period - Off-side.
15:37 of 2nd period - Tomas Plekanec wins face-off versus Eric Lindros in neutral zone.
15:44 of 2nd period - Wrist shot by Nikolai Zherdev.
15:44 of 2nd period - Stopped by Karri Ramo with a rebound.
15:46 of 2nd period - Snap shot by Tomas Plekanec.
15:46 of 2nd period - Shot Misses the Net.
15:48 of 2nd period - Wrist shot by Nikolai Zherdev.
15:48 of 2nd period - Shot Misses the Net.
15:50 of 2nd period - Slapshot by Tom Poti.
15:50 of 2nd period - Stopped by Karri Ramo without a rebound.
15:51 of 2nd period - Eric Lindros wins face-off versus Tomas Plekanec in Bruins zone.
15:53 of 2nd period - Icing by Victor Oreskovich.
15:54 of 2nd period - Eric Lindros wins face-off versus Clarke MacArthur in Bruins zone.
16:01 of 2nd period - Tom Poti is hit by Eric Lindros and loses puck.
16:10 of 2nd period - Victor Oreskovich is hit by Tomas Plekanec.
16:40 of 2nd period - Snap shot by Olli Jokinen.
16:40 of 2nd period - Deflect By Antti Miettinen.
16:40 of 2nd period - Shot Blocked by Ryan O'Byrne.
16:40 of 2nd period - Puck is out of play.
16:41 of 2nd period - Henrik Sedin wins face-off versus Olli Jokinen in Bruins zone.
16:41 of 2nd period - Henrik Sedin is hit by Daniel Paille.
16:53 of 2nd period - Snap shot by Henrik Sedin.
16:53 of 2nd period - Stopped by Chad Johnson with a rebound.
17:17 of 2nd period - Clarke MacArthur is hit by Eric Lindros and loses puck.
18:03 of 2nd period - Wrist shot by Matt Hendricks.
18:03 of 2nd period - Shot Misses the Net.
18:18 of 2nd period - Icing by Brian Rafalski.
18:19 of 2nd period - Antti Miettinen wins face-off versus Viktor Stalberg in Bruins zone.
18:59 of 2nd period - Icing by Clarke MacArthur.
19:00 of 2nd period - Henrik Sedin wins face-off versus Tomas Plekanec in Canucks zone.
19:13 of 2nd period - Wrist shot by George Parros.
19:13 of 2nd period - Stopped by Chad Johnson with a rebound.
19:25 of 2nd period - Kyle Cumiskey is hit by Eric Lindros.
19:45 of 2nd period - Dave Bolland is hit by Maxim Lapierre and loses puck.
Goals for this period are 1 for Canucks vs 0 for Bruins.
Shots for this period are 11 for Canucks vs 7 for Bruins.

3rd period


0:01 of 3rd period - Henrik Sedin wins face-off versus Matt Stajan in neutral zone.
0:12 of 3rd period - Slapshot by Tom Poti.
0:12 of 3rd period - Stopped by Karri Ramo with a rebound.
0:32 of 3rd period - Slapshot by Matt Cooke.
0:32 of 3rd period - Shot Misses the Net.
0:34 of 3rd period - Snap shot by Dainius Zubrus.
0:34 of 3rd period - Shot Misses the Net.
1:12 of 3rd period - Slapshot by Tom Poti.
1:12 of 3rd period - Shot Misses the Net.
1:14 of 3rd period - Slapshot by Tom Poti.
1:14 of 3rd period - Shot Blocked by Mark Stuart.
1:16 of 3rd period - Slapshot by Antti Miettinen.
1:16 of 3rd period - Shot Misses the Net.
1:18 of 3rd period - Slapshot by Alex Goligoski.
1:18 of 3rd period - Shot Misses the Net.
1:20 of 3rd period - Slapshot by Tom Poti.
1:20 of 3rd period - Deflect By Antti Miettinen.
1:20 of 3rd period - Shot Blocked by Matt Hendricks.
1:20 of 3rd period - Puck is out of play.
1:21 of 3rd period - Henrik Sedin wins face-off versus Matt Stajan in Bruins zone.
1:42 of 3rd period - Minor Penalty to Brian Rafalski for Interference.
1:43 of 3rd period - Henrik Sedin wins face-off versus Matt Stajan in Bruins zone.
1:43 of 3rd period - Henrik Sedin is hit by Matt Stajan.
2:13 of 3rd period - Mark Stuart is hit by Tomas Plekanec and loses puck.
3:18 of 3rd period - Jaromir Jagr is hit by Andrew Alberts and loses puck.
3:42 of 3rd period - Penalty to Brian Rafalski is over, Brian Rafalski is back on ice.
3:57 of 3rd period - Ryan O'Byrne is hit by Karl Alzner and loses puck.
4:09 of 3rd period - Mark Stuart is hit by Alex Tanguay and loses puck.
4:47 of 3rd period - Karl Alzner is hit by Victor Oreskovich and loses puck.
5:12 of 3rd period - Slapshot by Alex Goligoski.
5:12 of 3rd period - Stopped by Karri Ramo with a rebound.
6:04 of 3rd period - Wrist shot by Matt Hendricks.
6:04 of 3rd period - Shot Misses the Net.
6:10 of 3rd period - Viktor Stalberg is hit by Jaromir Jagr and loses puck.
6:21 of 3rd period - Mark Stuart is hit by Sami Lepisto and loses puck.
6:26 of 3rd period - Wrist shot by Maxim Lapierre.
6:26 of 3rd period - Shot Misses the Net.
6:28 of 3rd period - Slapshot by Kent Huskins.
6:28 of 3rd period - Stopped by Karri Ramo with a rebound.
6:30 of 3rd period - Wrist shot by Maxim Lapierre.
6:30 of 3rd period - Stopped by Karri Ramo with a rebound.
6:58 of 3rd period - Peter Worrell is hit by Viktor Stalberg and loses puck.
7:19 of 3rd period - Minor Penalty to Zdeno Chara for High sticking.
7:20 of 3rd period - Wojtek Wolski wins face-off versus Matt Stajan in Bruins zone.
7:48 of 3rd period - Off-side.
7:49 of 3rd period - Tomas Plekanec wins face-off versus Eric Lindros in neutral zone.
7:56 of 3rd period - Slapshot by Tomas Plekanec.
7:56 of 3rd period - Shot Blocked by Mark Stuart.
8:49 of 3rd period - Off-side.
8:50 of 3rd period - Matt Stajan wins face-off versus Wojtek Wolski in neutral zone.
8:53 of 3rd period - Snap shot by Jaromir Jagr.
8:53 of 3rd period - Shot Misses the Net.
8:55 of 3rd period - Snap shot by Sami Lepisto.
8:55 of 3rd period - Deflect By Wojtek Wolski.
8:55 of 3rd period - Stopped by Karri Ramo with a rebound.
8:57 of 3rd period - Slapshot by Matt Stajan.
8:57 of 3rd period - Shot Blocked by Jason Demers.
8:59 of 3rd period - Snap shot by Jaromir Jagr.
8:59 of 3rd period - Shot Misses the Net.
9:03 of 3rd period - Slapshot by Matt Stajan.
9:03 of 3rd period - Shot Blocked by Andrew Alberts.
9:19 of 3rd period - Penalty to Zdeno Chara is over, Zdeno Chara is back on ice.
9:33 of 3rd period - Slapshot by Sami Lepisto.
9:33 of 3rd period - Shot Misses the Net.
9:35 of 3rd period - Snap shot by Daniel Paille.
9:35 of 3rd period - Shot Blocked by Andrew Alberts.
9:37 of 3rd period - Slapshot by Kent Huskins.
9:37 of 3rd period - Stopped by Karri Ramo without a rebound.
9:38 of 3rd period - Dave Bolland wins face-off versus Maxim Lapierre in Bruins zone.
10:03 of 3rd period - Dave Bolland is hit by Jaromir Jagr and loses puck.
10:13 of 3rd period - Minor Penalty to Jaromir Jagr for Charging.
10:14 of 3rd period - Henrik Sedin wins face-off versus Matt Stajan in Canucks zone.
10:14 of 3rd period - Wrist shot by Wojtek Wolski.
10:14 of 3rd period - Shot Misses the Net.
10:16 of 3rd period - Slapshot by Wojtek Wolski.
10:16 of 3rd period - Shot Misses the Net.
10:18 of 3rd period - Backhand shot by Jason Demers.
10:18 of 3rd period - Goal by Jason Demers - Canucks : 3 - Bruins : 2.
10:19 of 3rd period - Henrik Sedin wins face-off versus Matt Stajan in neutral zone.
10:22 of 3rd period - Snap shot by Jason Demers.
10:22 of 3rd period - Deflect By Henrik Sedin.
10:22 of 3rd period - Shot Blocked by Alex Goligoski.
10:22 of 3rd period - Puck is out of play.
10:23 of 3rd period - Matt Stajan wins face-off versus Wojtek Wolski in Canucks zone.
10:23 of 3rd period - Matt Stajan is hit by Henrik Sedin.
10:31 of 3rd period - Wrist shot by Matt Stajan.
10:31 of 3rd period - Goal by Matt Stajan - Canucks : 4 - Bruins : 2.
10:32 of 3rd period - Matt Stajan wins face-off versus Henrik Sedin in neutral zone.
11:19 of 3rd period - Jason Demers is hit by Sami Lepisto and loses puck.
11:30 of 3rd period - Snap shot by Matt Cooke.
11:30 of 3rd period - Stopped by Chad Johnson without a rebound.
11:31 of 3rd period - Henrik Sedin wins face-off versus Matt Stajan in Canucks zone.
11:40 of 3rd period - Wrist shot by Wojtek Wolski.
11:40 of 3rd period - Deflect By Henrik Sedin.
11:40 of 3rd period - Stopped by Chad Johnson with a rebound.
11:42 of 3rd period - Snap shot by Ryan O'Byrne.
11:42 of 3rd period - Shot Blocked by Kent Huskins.
11:44 of 3rd period - Wrist shot by Ryan O'Byrne.
11:44 of 3rd period - Shot Misses the Net.
11:46 of 3rd period - Slapshot by Ryan O'Byrne.
11:46 of 3rd period - Stopped by Chad Johnson without a rebound.
11:47 of 3rd period - Eric Lindros wins face-off versus Tomas Plekanec in Canucks zone.
11:48 of 3rd period - Slapshot by Daniel Sedin.
11:48 of 3rd period - Shot Misses the Net.
11:50 of 3rd period - Slapshot by Ryan O'Byrne.
11:50 of 3rd period - Stopped by Chad Johnson with a rebound.
11:52 of 3rd period - Slapshot by Ryan O'Byrne.
11:52 of 3rd period - Shot Misses the Net.
11:54 of 3rd period - Wrist shot by Victor Oreskovich.
11:54 of 3rd period - Shot Hit the Post.
11:56 of 3rd period - Wrist shot by Victor Oreskovich.
11:56 of 3rd period - Shot Blocked by Tom Poti.
11:58 of 3rd period - Slapshot by Victor Oreskovich.
11:58 of 3rd period - Shot Misses the Net.
12:00 of 3rd period - Snap shot by Daniel Sedin.
12:00 of 3rd period - Shot Misses the Net.
12:35 of 3rd period - Sami Lepisto is hit by Viktor Stalberg and loses puck.
12:42 of 3rd period - Slapshot by Maxim Lapierre.
12:42 of 3rd period - Stopped by Karri Ramo with a rebound.
12:58 of 3rd period - Snap shot by Antti Miettinen.
12:58 of 3rd period - Shot Misses the Net.
13:02 of 3rd period - Backhand shot by Olli Jokinen.
13:02 of 3rd period - Shot Misses the Net.
13:16 of 3rd period - Snap shot by Tomas Plekanec.
13:16 of 3rd period - Shot Misses the Net.
13:22 of 3rd period - Backhand shot by Henrik Sedin.
13:22 of 3rd period - Stopped by Chad Johnson with a rebound.
14:27 of 3rd period - Snap shot by Wojtek Wolski.
14:27 of 3rd period - Shot Hit the Post.
14:29 of 3rd period - Minor Penalty to Antti Miettinen for High sticking.
14:30 of 3rd period - Henrik Sedin wins face-off versus Matt Stajan in Canucks zone.
14:31 of 3rd period - Snap shot by Wojtek Wolski.
14:31 of 3rd period - Stopped by Chad Johnson with a rebound.
14:33 of 3rd period - Slapshot by Andrew Alberts.
14:33 of 3rd period - Shot Blocked by Alex Goligoski.
14:35 of 3rd period - Backhand shot by Andrew Alberts.
14:35 of 3rd period - Goal by Andrew Alberts - Canucks : 4 - Bruins : 3.
14:36 of 3rd period - Matt Stajan wins face-off versus Henrik Sedin in neutral zone.
14:40 of 3rd period - Minor Penalty to Wojtek Wolski for Holding.
14:41 of 3rd period - Dave Bolland wins face-off versus Matt Stajan in Bruins zone.
14:53 of 3rd period - Minor Penalty to Matt Stajan for High sticking.
14:54 of 3rd period - Matt Cooke wins face-off versus Alex Tanguay in Canucks zone.
14:55 of 3rd period - Snap shot by Henrik Sedin.
14:55 of 3rd period - Shot Misses the Net.
14:57 of 3rd period - Slapshot by Jason Demers.
14:57 of 3rd period - Stopped by Chad Johnson with a rebound.
14:59 of 3rd period - Snap shot by Matt Cooke.
14:59 of 3rd period - Shot Misses the Net.
16:32 of 3rd period - Jaromir Jagr is hit by Matt Cooke.
16:40 of 3rd period - Penalty to Wojtek Wolski is over, Wojtek Wolski is back on ice.
16:50 of 3rd period - Snap shot by Wojtek Wolski.
16:50 of 3rd period - Shot Misses the Net.
16:53 of 3rd period - Penalty to Matt Stajan is over, Matt Stajan is back on ice.
16:59 of 3rd period - Off-side.
17:00 of 3rd period - Eric Lindros wins face-off versus Tomas Plekanec in neutral zone.
17:18 of 3rd period - Snap shot by Matt Cooke.
17:18 of 3rd period - Deflect By Peter Worrell.
17:18 of 3rd period - Stopped by Chad Johnson with a rebound.
17:24 of 3rd period - Jaromir Jagr is hit by Ryan O'Byrne.
17:52 of 3rd period - George Parros is hit by Karl Alzner and loses puck.
19:13 of 3rd period - Minor Penalty to Kent Huskins for Hooking.
19:14 of 3rd period - Matt Stajan wins face-off versus Henrik Sedin in Canucks zone.
19:28 of 3rd period - Bruins, Karri Ramo is pulled from the net.
Goals for this period are 1 for Canucks vs 2 for Bruins.
Shots for this period are 8 for Canucks vs 10 for Bruins.


Output by the SimonT Hockey Simulator (STHS) for François Prévost -- Original Page W3C XHTML 1.0 Valid
Hockey Simulator - Hockey Simulation - Hockey Manager